 Dungeon Crawl Stone Soup version 0.29.0-7-g18a832c13a (webtiles) character file.

Game seed: 16262064920511008987

1495 Ordine the Destroyer (level 8, -6/43 HPs)
             Began as a Deep Elf Conjurer on Aug 30, 2022.
             Was a Believer of Sif Muna.
             Asphyxiated
             ... on level 6 of the Dungeon.
             The game lasted 00:10:25 (6917 turns).

Ordine the Destroyer (Deep Elf Conjurer)            Turns: 6917, Time: 00:10:26

Health: -6/43      AC:  3    Str:  4    XL:     8   Next: 51%
Magic:  8/20       EV: 13    Int: 26    God:    Sif Muna [**....]
Gold:   241        SH:  0    Dex: 13    Spells: 11/20 levels left

rFire   . . .      SeeInvis .   (no weapon)
rCold   . . .      Faith    .   (no shield)
rNeg    . . .      Spirit   .   a - +0 robe
rPois   .          Reflect  .   (no helmet)
rElec   .          Harm     .   o - +0 cloak
rCorr   +          Rampage  .   (no gloves)
Will    .....                   (no boots)
Stlth   +++.......              (no amulet)
HPRegen 0.14/turn               n - ring of resist corrosion
MPRegen 0.17/turn               (no ring)

@: mighty, lethally poisoned (-6 -> -27), hasted and slowed
A: no striking features
a: Renounce Religion, Channel Magic


You were on level 6 of the Dungeon.
You worshipped Sif Muna.
Sif Muna was pleased with you.
You visited 1 branch of the dungeon, and saw 6 of its levels.

You collected 241 gold pieces.

Inventory:

Armour
 a - a +0 robe (worn)
 o - a +0 cloak (worn)
Magical Staves
 l - a staff of death
Jewellery
 n - a ring of resist corrosion (left hand)
Wands
 q - a wand of mindburst (14)
 r - a wand of iceblast (4)
Scrolls
 c - 4 scrolls of amnesia {unknown}
 d - 3 scrolls of noise {unknown}
 g - 2 scrolls of enchant weapon {unknown}
 h - a scroll of butterflies {unknown}
 j - 4 scrolls of teleportation {unknown}
 s - 3 scrolls of identify {unknown}
 t - a scroll of enchant armour {unknown}
 u - a scroll of poison {unknown}
Potions
 b - a potion of magic
 e - a potion of brilliance {unknown}
 f - a potion of degeneration {unknown}
 i - 2 potions of might
 k - 8 potions of curing {unknown}
 m - 3 potions of flight {unknown}
 p - a potion of mutation {unknown}
 v - 2 potions of haste
 w - 2 potions of berserk rage {unknown}
 x - 3 potions of lignification {unknown}


   Skills:
 + Level 1.6 Fighting
 + Level 4.0 Dodging
 + Level 4.1 Stealth
 + Level 6.7 Spellcasting
 * Level 8.4 Conjurations
 + Level 4.3 Translocations
 + Level 2.2 Invocations
 + Level 2.1 Evocations


You had 11 spell levels left.
You knew the following spells:

 Your Spells              Type           Power      Damage    Failure   Level
a - Magic Dart            Conj           100%       1d8       1%          1
b - Searing Ray           Conj           100%       2d8       1%          2
c - Iskenderun's Mystic   Conj/Tloc      42%        2d10      4%          4
d - Blink                 Tloc           62%        N/A       1%          2

Your spell library contained the following spells:

 Spells                   Type           Power      Damage    Failure   Level
 Apportation              Tloc           62%        N/A       1%          1
 Dazzling Flash           Conj/Hex       60%        N/A       3%          3
 Portal Projectile        Hex/Tloc       40%        N/A       8%          3
 Ensorcelled Hibernation  Hex/Ice        16%        N/A       10%         2
 Passwall                 Tmut/Erth      6%         N/A       10%         2
 Fulminant Prism          Conj/Hex       15%        3d11      11%         4
 Call Canine Familiar     Summ           8%         N/A       19%         3
 Confusing Touch          Hex            8%         N/A       19%         3
 Swiftness                Air            8%         N/A       19%         3
 Manifold Assault         Tloc           31%        N/A       30%         5
 Animate Armour           Summ/Erth      16%        N/A       54%         4
 Leda's Liquefaction      Hex/Erth       4%         N/A       54%         4
 Iron Shot                Conj/Erth      15%        9d4       86%         6
 Alistair's Intoxication  Tmut/Pois      5%         N/A       87%         5
 Blade Hands              Tmut           4%         N/A       87%         5
 Yara's Violent Unravell  Hex/Tmut       4%         3d4       87%         5
 Enfeeble                 Hex            4%         N/A       100%        7
 Storm Form               Tmut/Air       4%         N/A       100%        7


Dungeon Overview and Level Annotations

Branches:
Dungeon (6/15)
 Temple: D:4-7

Altars:
Ashenzari
Fedhas
Hepliaklqana
Kikubaaqudgha
Nemelex Xobeh
Ru
Sif Muna
Trog
Uskayaw
Vehumet
Wu Jian
The Shining One

Annotations:
D:6 1 transporter, RamboRex's ghost, novice GrFi


Message History

You are poisoned.
You have difficulty breathing.
You feel yourself slow down.
A kobold comes into view. It is wielding a +0 dagger.
Your magical contamination has completely faded away.
Casting: Magic Dart (safe; 1% risk of failure)
Confirm with . or Enter, or press ? or * to list all spells.
You can't see any susceptible monsters within range! (Use Z to cast anyway.)
You feel very sick.
You feel very sick.
You feel very sick.
You feel sick.
Casting: Magic Dart (safe; 1% risk of failure)
Confirm with . or Enter, or press ? or * to list all spells.
Aiming: Searing Ray (safe; 1% risk of failure)
Press: ? - help, Shift-Dir - straight line, f/p - kobold brigand
Aim: a kobold brigand, wielding a +0 club and quivering curare-tipped darts (lightly wounded, 79% to hit)
The searing ray hits the kobold brigand!
The kobold brigand is moderately wounded. (Press . to maintain the ray.)
You feel sick.
The kobold brigand throws a curare-tipped dart.
The curare-tipped dart hits you.
You are more poisoned.
You have difficulty breathing.
* * * LOW HITPOINT WARNING * * *
You feel as though you will be slow longer.
Unknown command.
It was a potion of might.
You feel very mighty all of a sudden.
* * * LOW HITPOINT WARNING * * *
You feel very sick.
Unknown command.
It was a potion of haste.
You feel yourself speed up.
* * * LOW HITPOINT WARNING * * *
You feel very sick.
The kobold brigand throws a curare-tipped dart.
The curare-tipped dart hits you.
You are more poisoned.
You have difficulty breathing.
You die...

........................
.....###.........###....
.).K.........##### ##...
.K..........##..... ...
...K..K...)##...W#..##..
...†..#....#5..#...#.#..
..... #K...##..##.#. #..
.... #....©#.#...#|##..
... #@...##. ..#?#... ..
#....# W[#©.. . #....#
$#... .....# #.. ......#
#.. .......# #..
.......# #.. ........##
#... #.....


You could see a kobold brigand, a quasit and a kobold.

Vanquished Creatures
  Grinder (D:5)
  2 ice beasts
  A sky beast (D:6)
  3 ogres
  2 jellies
  2 howler monkeys
  An orc priest (D:5)
  5 hounds
  6 iguanas
  3 orc wizards
  5 gnolls (D:5)
  9 adders
  3 worms (D:2)
  16 orcs
  10 ball pythons
  5 endoplasms
  3 giant cockroaches
  3 goblins
  7 hobgoblins
  2 jackals (D:1)
  2 quokkas
  9 bats
  9 frilled lizards
  5 kobolds
  9 rats
123 creatures vanquished.

Vanquished Creatures (others)
  6 plants (D:5)
6 creatures vanquished.

Grand Total: 129 creatures vanquished

Notes
Turn   | Place    | Note
-------+----------+-------------------------------------------
     0 | D:1      | Ordine the Deep Elf Conjurer began the quest for the Orb.
     0 | D:1      | Reached XP level 1. HP: 10/10 MP: 6/6
   339 | D:1      | Reached XP level 2. HP: 12/15 MP: 0/8
   427 | D:1      | Learned a level 2 spell: Searing Ray
  1106 | D:2      | Reached XP level 3. HP: 19/19 MP: 5/9
  1186 | D:2      | Reached skill level 5 in Conjurations
  1338 | D:2      | Found a shimmering blue altar of Sif Muna.
  1350 | D:2      | Became a worshipper of Sif Muna the Loreminder
  1660 | D:2      | Found a faded altar of an unknown god.
  1673 | D:2      | Reached XP level 4. HP: 24/24 MP: 4/11
  1736 | D:2      | Learned a level 4 spell: Iskenderun's Mystic Blast
  1995 | D:2      | Learned a level 2 spell: Blink
  2615 | D:3      | Reached skill level 1 in Translocations
  2865 | D:3      | Found a radiant altar of Vehumet.
  2969 | D:3      | Reached XP level 5. HP: 28/28 MP: 10/13
  3239 | D:4      | Reached * piety under Sif Muna
  3526 | D:4      | Reached skill level 6 in Conjurations
  3930 | D:4      | Reached skill level 5 in Spellcasting
  3930 | D:4      | Reached XP level 6. HP: 32/32 MP: 7/15
  4438 | D:5      | Entered Level 5 of the Dungeon
  4652 | D:5      | Reached skill level 7 in Conjurations
  4653 | D:5      | Reached XP level 7. HP: 8/36 MP: 5/17
  5523 | D:5      | Reached ** piety under Sif Muna
  5726 | D:5      | Found a broken altar of Ashenzari.
  5729 | D:5      | Found an ornate altar of the Wu Jian Council.
  5732 | D:5      | Found a hazy altar of Hepliaklqana.
  5733 | D:5      | Found a bloodstained altar of Trog.
  5734 | D:5      | Found a glowing golden altar of the Shining One.
  5734 | D:5      | Found a sacrificial altar of Ru.
  5735 | D:5      | Found a blossoming altar of Fedhas.
  5737 | D:5      | Found a hide-covered altar of Uskayaw.
  5738 | D:5      | Found a sparkling altar of Nemelex Xobeh.
  5739 | D:5      | Found an ancient bone altar of Kikubaaqudgha.
  5860 | D:5      | Noticed Grinder
  5869 | D:5      | Killed Grinder
  5870 | D:5      | Reached skill level 1 in Invocations
  5870 | D:5      | Reached skill level 1 in Evocations
  6138 | D:5      | Reached skill level 8 in Conjurations
  6142 | D:5      | Reached skill level 1 in Fighting
  6142 | D:5      | Reached XP level 8. HP: 43/43 MP: 9/19
  6689 | D:6      | Found a transporter.
  6717 | D:6      | Noticed RamboRex's ghost (novice GrFi)
  6917 | D:6      | HP: 2/43 [poisoned by a kobold brigand (curare-tipped
                  | dart)]
  6917 | D:6      | Asphyxiated

Illustrated notes

Levels and vault maps discovered:
D:1:      sevenhm_arrival_forest_fort_small_3, layout_basic
D:2:      layout_loops_ring, nicolae_ecumenical_snake_handling, basic_altar
D:3:      layout_basic, fiery_altar_vehumet
D:4:      layout_basic
D:5:      minmay_diamond_boxcup, layout_basic, minitemple, minmay_lizard_king,
          uniq_grinder
D:6:      layout_basic, gammafunk_ghost_stat_death

Skill      XL: |  1  2  3  4  5  6  7  8 |
---------------+-------------------------+-----
Stealth        | 3 4 |  4.1
Dodging        | 3 4 |  4.0
Conjurations   | 5 6 7 8 |  8.4
Spellcasting   | 4 5 6 |  6.7
Translocations | 1 2 3 4 |  4.3
Invocations    | 1 2 |  2.2
Evocations     | 1 2 |  2.1
Fighting       | 1 |  1.6

Action                   |  1- 3 |  4- 6 |  7- 9 || total
-------------------------+-------+-------+-------++-------
Melee: Unarmed           |       |       |     2 ||     2
 Cast: Magic Dart        |    74 |   107 |    85 ||   266
       Searing Ray       |     2 |     8 |    15 ||    25
       Blink             |       |     1 |     3 ||     4
  Use: Potion            |       |       |     2 ||     2
Armor: Robe              |     3 |     6 |     4 ||    13
Dodge: Dodged            |    12 |     4 |    20 ||    36
